 Seeded DCSS version 0.28-a0-1389-gc726bef (webtiles) character file.

Game seed: 3749806054204483717 (custom seed)

1078355 nrm the Conqueror (level 27, -12/273 HPs)
             Began as a Red Draconian Transmuter on Jan 2, 2022.
             Was an Elder of the Shining One.
             Killed from afar by a Hell Sentinel (33 damage)
             ... with damnation
             ... on level 6 of the Iron City of Dis on Jan 3, 2022.
             The game lasted 06:45:05 (136988 turns).

nrm the Conqueror (Red Draconian Transmuter)      Turns: 136988, Time: 06:45:12

Health: -12/273    AC: 18    Str: 21    XL:     27
Magic:  13/50      EV: 17    Int: 24    God:    the Shining One [****..]
Gold:   4907       SH: 18    Dex: 16    Spells: 15/72 levels left

rFire   + + +      SeeInvis .   b - +9 eveningstar (holy)
rCold   + + .      Faith    .   w - +2 shield of Resistance {rF++ rC++ Will++}
rNeg    + + +      Spirit   .   (armour unavailable)
rPois   +          Reflect  .   t - -2 hat of the Alchemist {rElec rPois rF+ rC+ rN+ Will+ rMut rCorr}
rElec   +          Harm     .   c - +4 dragonskin cloak
rCorr   +          Rampage  +   S - +2 pair of gloves {Str+3}
rMut    +          Clarity  +   P - +2 pair of boots {rampage}
Will    +++++                   U - amulet of the Four Winds {rN+ Will+++ Clar}
Stlth   +.........              M - ring of Huibbomu {Fire rN+++ Will- Int+3 Dex+3}
HPRegen 0.55/turn               N - +4 ring of protection
MPRegen 0.32/turn

@: hasted, glowing, studying 3 skills, corroded, very quick
A: breathe fire, AC +13, unfitting armour, fire resistance 1, cold-blooded,
antennae 1, subdued magic 2, MP-powered wands
}: 12/15 runes: decaying, slimy, silver, obsidian, bone, abyssal, demonic,
glowing, magical, fiery, dark, gossamer
a: Breathe Fire, Renounce Religion, Divine Shield, Cleansing Flame


You were on level 6 of the Iron City of Dis.
You worshipped the Shining One.
The Shining One was greatly pleased with you.
You visited 16 branches of the dungeon, and saw 80 of its levels.
You visited Pandemonium 1 time, and saw 13 of its levels.
You visited the Abyss 1 time.
You also visited: Sewer, Gauntlet, Volcano and Wizlab.

You collected 12986 gold pieces.
You spent 8079 gold pieces at shops.

Inventory:

Hand Weapons
 a - a +9 spectral eveningstar
 b - a +9 eveningstar of holy wrath (weapon)
Missiles
 u - 7 throwing nets
 H - 17 curare-tipped darts (quivered)
Armour
 c - the +4 dragonskin cloak (worn)
   (You took it off Tiamat on level 4 of the Realm of Zot)

   It grants the wearer a chance to resist fire, cold, poison, electricity,
   acid, and negative energy.
 t - the -2 hat of the Alchemist (worn) {rElec rPois rF+ rC+ rN+ Will+ rMut rCorr}
   (You bought it in a shop on level 4 of the Depths)

   rF:        It protects you from fire.
   rC:        It protects you from cold.
   rElec:     It insulates you from electricity.
   rPois:     It protects you from poison.
   rN:        It protects you from negative energy.
   rCorr:     It protects you from acid and corrosion.
   rMut:      It protects you from mutation.
   Will:      It increases your willpower.
 w - the +2 shield of Resistance (worn) {rF++ rC++ Will++}
   (You found it on level 6 of the Dungeon)

   rF:        It greatly protects you from fire.
   rC:        It greatly protects you from cold.
   Will:      It greatly increases your willpower.
 P - a +2 pair of boots of rampaging (worn)
 S - a +2 pair of gloves of strength (worn)
 V - a +2 tower shield of poison resistance
Magical Staves
 e - a staff of fire
Jewellery
 l - the amulet of Mukusigh {RegenMP Slay+3 Stlth+}
   (You found it on level 5 of the Vaults)

   [amulet of magic regeneration]

   It increases your rate of magic regeneration.
   Slay:      It affects your accuracy & damage with ranged weapons and melee
   (+3).
   Stlth:     It makes you more stealthy.
 I - the ring "Siba" {+Blink rC+ rCorr Int+3 Dex-4}
   (You acquired it on level 1 of the Depths)

   [ring of protection from cold]

   Int:       It affects your intelligence (+3).
   Dex:       It affects your dexterity (-4).
   rC:        It protects you from cold.
   +Blink:    It lets you blink.
   rCorr:     It protects you from acid and corrosion.
 L - a ring of flight
 M - the ring of Huibbomu (left hand) {Fire rN+++ Will- Int+3 Dex+3}
   (You bought it in a shop on level 2 of the Orcish Mines)

   [ring of fire]

   It enhances your fire magic.
   Int:       It affects your intelligence (+3).
   Dex:       It affects your dexterity (+3).
   rF:        It protects you from fire.
   rC:        It makes you vulnerable to cold.
   rN:        It renders you almost immune to negative energy.
   Will:      It decreases your willpower.
 N - a +4 ring of protection (right hand)
 U - the amulet of the Four Winds (around neck) {rN+ Will+++ Clar}
   (You found it in a Gauntlet)

   [amulet of nothing]

   rN:        It protects you from negative energy.
   Clar:      It protects you against confusion.
   Will:      It greatly increases your willpower.
 X - the ring "Fowedd" {rElec rF+ Int+6}
   (You bought it in a shop on level 1 of the Elven Halls)

   [ring of protection from fire]

   Int:       It affects your intelligence (+6).
   rF:        It protects you from fire.
   rElec:     It insulates you from electricity.
Wands
 v - a wand of flame (147)
 y - a wand of acid (24)
 A - a wand of paralysis (18)
 D - a wand of digging (16)
 F - a wand of iceblast (25)
Scrolls
 f - 12 scrolls of vulnerability
 g - 15 scrolls of teleportation
 h - 2 scrolls of magic mapping
 i - 16 scrolls of amnesia
 n - 5 scrolls of enchant weapon
 o - 2 scrolls of brand weapon
 p - 14 scrolls of immolation
 r - 4 scrolls of blinking
 s - 7 scrolls of enchant armour
 B - a scroll of silence
 J - 4 scrolls of holy word
 O - 6 scrolls of fog
 T - 9 scrolls of fear
 W - 39 scrolls of identify
 Y - 2 scrolls of summoning
Potions
 d - 8 potions of lignification
 j - 4 potions of resistance
 k - 8 potions of flight
 m - 3 potions of might
 x - 10 potions of attraction
 z - 2 potions of magic
 C - 4 potions of ambrosia
 E - 4 potions of mutation
 G - 3 potions of haste
 K - 21 potions of curing
 Q - 4 potions of cancellation
 R - 5 potions of berserk rage
 Z - 4 potions of brilliance


   Skills:
 O Level 27 Fighting
 - Level 4.2 Short Blades
 - Level 0.3(13.1) Axes
 - Level 19.9(20.0) Maces & Flails
 - Level 1.0 Bows
 - Level 1.2 Crossbows
 - Level 1.1 Throwing
 - Level 10.0 Dodging
 - Level 2.0 Stealth
 - Level 20.0 Shields
 - Level 3.2 Unarmed Combat
 * Level 23.4 Spellcasting
 - Level 15.0 Conjurations
 - Level 1.1 Hexes
 - Level 1.1 Summonings
 - Level 1.6 Necromancy
 - Level 5.0 Translocations
 - Level 2.9 Transmutations
 * Level 23.6 Fire Magic
 - Level 0.1 Ice Magic
 - Level 1.0 Air Magic
 - Level 20.0 Earth Magic
 - Level 1.1 Poison Magic
 O Level 27 Invocations
 - Level 0.7 Evocations


You had 15 spell levels left.
You knew the following spells:

 Your Spells              Type           Power      Damage    Failure   Level
a - Fireball              Conj/Fire      42%        3d17      0%          5
b - Sticky Flame          Conj/Fire      85%        2d10      0%          4
c - Ignition              Fire           46%        3d13      1%          8
d - Passwall              Tmut/Erth      42%        N/A       0%          2
e - Lee's Rapid Deconstr  Erth           33%        3d18*     0%          5
f - Statue Form           Tmut/Erth      34%        N/A       1%          6
g - Beastly Appendage     Tmut           52%        N/A       1%          1
h - Iron Shot             Conj/Erth      31%        9d6       1%          6
i - Fire Storm            Conj/Fire      42%        8d11      34%         9
j - Lehudib's Crystal Sp  Conj/Erth      31%        10d8      4%          8
k - Apportation           Tloc           64%        N/A       1%          1
l - Blink                 Tloc           64%        N/A       1%          2

Your spell library contained the following spells:

 Spells                   Type           Power      Damage    Failure   Level
 Foxfire                  Conj/Fire      100%       2x1d9     0%          1
 Magic Dart               Conj           100%       1d8       0%          1
 Sandblast                Erth           100%       2d20      0%          1
 Shock                    Conj/Air       100%       1d9       0%          1
 Scorch                   Fire           100%       2d10      0%          2
 Static Discharge         Conj/Air       41%        N/A       0%          2
 Conjure Flame            Conj/Fire      85%        6-21      0%          3
 Inner Flame              Hex/Fire       70%        N/A       0%          3
 Stone Arrow              Conj/Erth      100%       3d13      0%          3
 Flame Wave               Conj/Fire      85%        2d12      0%          4
 Starburst                Conj/Fire      42%        6d12      0%          6
 Animate Skeleton         Necr           44%        N/A       1%          1
 Freeze                   Ice            72%        1d9       1%          1
 Pain                     Necr           88%        1d8       1%          1
 Slow                     Hex            84%        N/A       1%          1
 Sting                    Tmut/Pois      92%        1d7       1%          1
 Summon Small Mammal      Summ           84%        N/A       1%          1
 Call Imp                 Summ           21%        N/A       1%          2
 Ensorcelled Hibernation  Hex/Ice        38%        N/A       1%          2
 Poisonous Vapours        Pois/Air       40%        N/A       1%          2
 Sublimation of Blood     Necr           22%        N/A       1%          2
 Wereblood                Tmut           26%        N/A       1%          2
 Call Canine Familiar     Summ           21%        N/A       1%          3
 Confusing Touch          Hex            21%        N/A       1%          3
 Dazzling Flash           Conj/Hex       82%        N/A       1%          3
 Frozen Ramparts          Ice            36%        1d5       1%          3
 Gell's Gravitas          Tloc           32%        N/A       1%          3
 Ignite Poison            Fire/Tmut/Pois 61%        N/A       1%          3
 Lesser Beckoning         Tloc           32%        N/A       1%          3
 Mephitic Cloud           Conj/Pois/Air  34%        N/A       1%          3
 Ozocubu's Armour         Ice            18%        N/A       1%          3
 Spider Form              Tmut/Pois      23%        N/A       1%          3
 Summon Guardian Golem    Hex/Summ       21%        N/A       1%          3
 Swiftness                Air            20%        N/A       1%          3
 Teleport Other           Tloc           32%        N/A       1%          3
 Tukima's Dance           Hex            21%        N/A       1%          3
 Vampiric Draining        Necr           22%        2d7       1%          3
 Fulminant Prism          Conj/Hex       20%        3d13      1%          4
 Iskenderun's Mystic Bla  Conj/Tloc      47%        2d10      1%          4
 Passage of Golubria      Tloc           32%        N/A       1%          4
 Petrify                  Tmut/Erth      51%        N/A       1%          4
 Borgnjor's Vile Clutch   Necr/Erth      24%        N/A       1%          5
 Irradiate                Conj/Tmut      22%        3d21      1%          5
 Iskenderun's Battlesphe  Conj           58%        2d11      1%          5
 Lightning Bolt           Conj/Air       20%        1d35      1%          5
 Orb of Destruction       Conj           29%        9d11      1%          7
 Manifold Assault         Tloc           32%        N/A       2%          5
 Animate Dead             Necr           11%        N/A       4%          4
 Dispel Undead            Necr           22%        3d12      4%          4
 Ice Form                 Ice/Tmut       22%        N/A       4%          4
 Conjure Ball Lightning   Conj/Air       20%        3x3d6     4%          6
 Airstrike                Air            10%        N/A       5%          4
 Cause Fear               Hex            10%        N/A       5%          4
 Olgreb's Toxic Radiance  Pois           21%        N/A       5%          4
 Summon Lightning Spire   Summ/Air       20%        N/A       5%          4
 Summon Ice Beast         Ice/Summ       19%        N/A       6%          4
 Blade Hands              Tmut           13%        N/A       7%          5
 Summon Forest            Summ/Tloc      13%        N/A       7%          5
 Alistair's Intoxication  Tmut/Pois      15%        N/A       11%         5
 Yara's Violent Unravell  Hex/Tmut       11%        3d6       11%         5
 Agony                    Necr           22%        N/A       13%         5
 Summon Mana Viper        Hex/Summ       21%        N/A       16%         5
 Silence                  Hex/Air        10%        N/A       17%         5
 Dispersal                Tloc           16%        N/A       19%         6
 Metabolic Englaciation   Hex/Ice        9%         N/A       21%         5
 Spellforged Servitor     Conj/Summ      20%        N/A       30%         7
 Eringya's Noxious Bog    Tmut/Pois      11%        N/A       56%         6
 Death Channel            Necr           11%        N/A       63%         6
 Summon Cactus Giant      Summ           10%        N/A       69%         6
 Dragon Form              Tmut           13%        N/A       95%         7
 Malign Gateway           Summ/Tloc      13%        N/A       95%         7
 Enfeeble                 Hex            10%        N/A       99%         7
 Haunt                    Necr/Summ      10%        N/A       99%         7
 Storm Form               Tmut/Air       11%        N/A       99%         7
 Summon Hydra             Summ           10%        N/A       99%         7
 Ozocubu's Refrigeration  Ice            9%         4d6       100%        7
 Borgnjor's Revivificati  Necr           11%        N/A       100%        8
 Discord                  Hex            10%        N/A       100%        8
 Infestation              Necr           11%        N/A       100%        8
 Maxwell's Capacitive Co  Air            10%        ∞         100%        8
 Necromutation            Tmut/Necr      12%        N/A       100%        8
 Summon Horrible Things   Summ           10%        N/A       100%        8
 Death's Door             Necr           11%        N/A       100%        9
 Dragon's Call            Summ           10%        N/A       100%        9


Dungeon Overview and Level Annotations

Branches:
Dungeon (15/15)            Temple (0/1) D:6            Lair (6/6) D:10
  Swamp (4/4) Lair:2       Spider (4/4) Lair:4        Slime (5/5) Lair:5
    Orc (2/2) D:12            Elf (3/3) Orc:2        Vaults (5/5) D:14
  Crypt (3/3) Vaults:2       Tomb (0/3) Crypt:3      Depths (4/4) D:15
   Hell (visited)             Dis (5/7) Hell            Geh (7/7) Hell
    Coc (3/7) Hell            Tar (7/7) Hell            Zot (5/5) Depths:4
  Sewer (visited)         Volcano (visited)          WizLab (visited)
Gauntlet (visited)

Altars:
Cheibriados
Dithmenos
Gozag
Kikubaaqudgha
Makhleb
Okawaru
Sif Muna
Trog
Uskayaw
Xom
Yredelemnul
Zin
The Shining One
Beogh
Jiyva

Shops:
D:5 =   Orc:1 [   Orc:2 !=:*   Elf:1 =:=?   Elf:2 (   Elf:3 ?   Vaults:1 (
Vaults:4 *   Depths:4 =([?:[

Portals:
Hell: Depths:1 Depths:2 Depths:3 Depths:4
Abyss: Depths:3
Pandemonium: Depths:2
Ziggurat: Depths:2

Annotations:
D:3 Elepheyn's ghost, amateur MiVM
D:4 1 runed translucent door
Lair:6 exclusion: 4 oklob plants
Swamp:1 exclusion: downstairs
Swamp:3 Lernaean hydra
Elf:3 exclusions: spectral weapon and 2 more exclusions


Innate Abilities, Weirdness & Mutations

You can breathe blasts of fire.
Your fiery red scales are hard. (AC +13)
You cannot fit into any form of body armour.
Your flesh is heat resistant. (rF+)
You are cold-blooded and may be slowed by cold attacks.
You have a pair of small antennae on your head.
Your spells are easier to cast, but less powerful.
You expend magic power (3 MP) to strengthen your wands.


Message History

Your daeva completely resists.
Your daeva is heavily wounded.
Your daeva calls down the wrath of the Shining One upon the iron golem.
The iron golem is smitten.
The iron golem hits you!!!
* * * LOW HITPOINT WARNING * * *
You block the iron golem's attack. x2
The iron golem hits you but does no damage.
Unknown command.
Blink to where?
Press: ? - help, Dir - move target, f - you
Okay, then.
Blink to where?
Press: ? - help, Dir - move target
As you read the scroll of blinking, it crumbles to dust.
Your daeva hits the iron golem with a +4 scimitar of holy wrath!!
Your daeva hits the iron golem but does no damage.
Your daeva hits the iron golem with a +4 eudemon blade of holy wrath!!
Your daeva hits the iron golem with a +4 eudemon blade of holy wrath.
The iron golem is destroyed!
Your daeva blocks the iron golem's attack.
The iron golem hits your daeva!
Aiming: Iceblast
Press: ? - help, Shift-Dir - straight line You feel a surge of power!
The mass of ice explodes!
The iceblast engulfs the Hell Sentinel.
The Hell Sentinel is severely wounded.
The iceblast engulfs the iron golem but does no damage.
The iron golem is almost destroyed.
Your daeva calls down the wrath of the Shining One upon the iron golem.
The iron golem is smitten.
You feel better.
A war gargoyle comes into view. It is wielding a +0 dire flail.
You feel better.
Your daeva hits the Hell Sentinel with a +4 eudemon blade of holy wrath.
The Hell Sentinel convulses.
Your daeva hits the Hell Sentinel with a +4 eudemon blade of holy wrath.
The Hell Sentinel convulses.
The Hell Sentinel gestures at you.
The sphere of damnation explodes!
The damnation engulfs you!!
You die...

..........#
.........#
.....9...#
........
#.....#
#...†.##
...##.).)..#
....'..A...#
....#...1†@#
. #..A9.##
#######


You could see an iron golem (ally target), a Hell Sentinel, a war gargoyle and 2
friendly daevas.

Vanquished Creatures
  Asmodeus (Geh:7)
  the Royal Jelly (Slime:5)
  Gloorx Vloq (Pan)
  Lom Lobon (Pan)
  7 ancient liches
  4 dread liches
  Tiamat (Zot:4)
  3 orbs of fire (Zot:5)
  A pandemonium lord (Pan)
  3 shard shrikes (Coc:2)
  Boris (twice) (Crypt:2 Crypt:3)
  Bai Suzhen (Spider:4)
  4 curse toes
  The ghost of Nornya the Convoker, a veteran MfSu of Ashenzari (Vaults:3)
  7 Killer Klowns
  The ghost of Lukheov the Peltast, a veteran DrWn of Okawaru (Vaults:2)
  13 caustic shrikes
  Jory (Crypt:3)
  6 golden dragons
  5 profane servitors
  16 bone dragons
  14 Tzitzimimeh
  10 hellephants
  14 Brimstone Fiends
  2 shard shrike zombies (Tar:7)
  3 electric golems
  2 spectral shard shrikes
  2 iron giants (Dis:6)
  3 Hell Sentinels
  4 doom hounds (Tar:7)
  21 tentacled monstrosities
  Rupert (D:13)
  9 tainted leviathans
  25 Orb Guardians
  35 searing wretches
  8 Ice Fiends
  11 titans
  2 deep elf master archers (Elf:3)
  5 liches
  10 quicksilver dragons
  A walking divine tome (Depths:3)
  16 acid blobs
  10 ancient champions
  2 tentacled starspawn
  18 Executioners (Pan)
  Kirke (Swamp:3)
  12 death cobs
  12 storm dragons
  4 sphinxes
  7 shadow dragons
  13 azure jellies
  3 draconian monks
  6 tengu reavers
  2 revenants
  2 daevas
  2 nagarajas (WizLab)
  2 demonspawn warmongers (Pan)
  Roxanne (Spider:4)
  16 frost giants
  3 narguns
  7 rockslimes
  7 emperor scorpions
  5 draconian knights
  21 fire giants
  A spectral caustic shrike (Tar:5)
  2 quicksilver elementals (Dis:1)
  17 ghost moths
  2 shard shrike simulacra
  24 cacodemons
  7 deep elf sorcerers
  A caustic shrike zombie (Tar:7)
  12 vault wardens
  7 draconian scorchers
  A juggernaut zombie (Coc:1)
  26 balrugs
  5 draconian shifters
  A spriggan defender (Depths:3)
  7 curse skulls
  3 draconian stormcallers
  4 deep elf elementalists
  8 draconian annihilators
  3 spectral juggernauts
  13 reapers
  2 war gargoyles (Dis:1)
  12 ironbound preservers
  9 demonspawn corrupters
  7 stone giants
  2 demonspawn blood saints (Pan)
  8 ghouls
  8 quicksilver oozes
  A broodmother (Spider:3)
  8 putrid mouths
  4 ironbound thunderhulks
  28 very ugly things
  8 green draconians
  8 lorocyprocas
  A caustic shrike skeleton (Tar:7)
  2 elemental wellsprings
  9 deep elf demonologists
  3 demonspawn black suns (Pan)
  10 eleionomae
  2 entropy weavers
  24 vampire knights
  4 deep elf annihilators (Elf:3)
  10 spark wasps
  2 yellow draconians
  The ghost of Wopp the Geomancer, a journeyman GrEE of Ashenzari (D:14)
  19 dire elephants
  3 bunyips
  9 black draconians
  3 wendigos
  11 white draconians
  9 red draconians
  16 starcursed masses
  8 blizzard demons
  4 iron golems
  9 ettins
  8 purple draconians
  15 eidola
  6 green deaths
  2 quicksilver dragon zombies
  2 crystal guardians
  5 deep elf death magi
  7 fire dragons
  18 jiangshi
  A spectral quicksilver dragon (Tar:7)
  A fenstrider witch zombie (Crypt:3)
  18 yaktaur captains
  A shambling mangrove (Swamp:3)
  39 vault guards
  2 deep elf high priests
  The ghost of Zapai the Nimble, a journeyman DgAr (Lair:2)
  15 great orbs of eyes
  4 salamander tyrants
  An elf skeleton (Pan)
  3 quicksilver dragon skeletons (Pan)
  Erolcha (D:9)
  A spectral iron giant (Tar:2)
  23 hydras
  7 boulder beetles
  2 rakshasas
  5 ogre magi
  Harold (D:11)
  A spriggan zombie (Tar:7)
  2 caustic shrike simulacra
  A peacekeeper (Vaults:4)
  A naga warrior (Abyss:4)
  A spriggan air mage (Depths:4)
  7 ice dragons
  12 centaur warriors
  A radroach (Spider:2)
  3 hell beasts (Pan)
  7 ironbound frosthearts
  5 spriggan skeletons (Pan)
  3 ghost crabs
  18 two-headed ogres
  A catoblepas (D:13)
  A merfolk aquamancer (WizLab)
  4 death knights
  17 death yaks
  4 deep troll shamans
  3 stokers
  9 alligators
  8 death scarabs (Spider:4)
  36 dancing weapons
  10 vampire magi
  42 hell hogs
  7 thrashing horrors
  10 tengu warriors
  2 spectral dire elephants
  The ghost of simpld the Skirmisher, a novice OgNe of Makhleb (D:8)
  Sonja (Lair:3)
  4 spriggan berserkers
  24 hell knights
  3 orc high priests
  2 spectral storm dragons (Crypt:2)
  21 deep elf knights
  An emperor scorpion zombie (Crypt:3)
  A storm dragon zombie (Depths:2)
  Nergalle (Lair:3)
  4 spatial maelstroms
  A titan zombie (Crypt:3)
  A titan skeleton (D:15)
  7 iron trolls
  29 sixfirhies
  2 spectral death yaks (Lair:6)
  47 large abominations
  4 pharaoh ants
  35 shadow wraiths
  A sun moth (Spider:3)
  41 skeletal warriors
  41 sun demons
  4 crystal echidnas
  A storm dragon skeleton (Pan)
  3 wretched stars
  8 goliath frogs
  2 steelbarb worms
  A death drake (Swamp:1)
  5 shadow demons (Pan)
  A death drake (shapeshifter) (Depths:3)
  22 soul eaters
  2 spectral anacondas
  6 flayed ghosts
  A swamp dragon (shapeshifter) (Vaults:5)
  4 bog bodies
  2 quicksilver dragon simulacra (Coc:2)
  A spriggan simulacrum (Depths:2)
  A sea snake (shapeshifter) (D:11)
  A spectral iron dragon (Tar:4)
  41 deep trolls
  2 obsidian statues
  12 orb spiders
  11 swamp dragons
  A spriggan druid (Swamp:1)
  18 deep elf archers
  3 glowing orange brains
  4 anaconda zombies
  An orc knight (D:14)
  40 phantasmal warriors
  2 lindwurms (Vaults:4)
  25 wizards
  22 ironbound convokers
  11 necromancers
  2 tengu skeletons
  2 anaconda skeletons (Hell)
  3 spectral wolf spiders (Spider:4)
  2 wolf spider zombies (Spider:4)
  2 fenstrider witch simulacra (Coc:1)
  2 orange crystal statues (Hell)
  29 deep elf pyromancers
  2 golden dragon skeletons
  A sphinx zombie (Crypt:2)
  3 orc sorcerers
  A frost giant zombie (D:15)
  2 iron dragon zombies
  2 will-o-the-wisps
  A spectral fire dragon (Crypt:2)
  A stone giant zombie (Coc:1)
  24 wolf spiders
  4 manticores
  2 spectral ice dragons (Crypt:2)
  A shadow dragon skeleton (Pan)
  2 shining eyes
  26 deep elf zephyrmancers
  2 mana vipers (shapeshifter)
  10 cyclopes
  17 moths of wrath
  47 ugly things
  2 iron dragon skeletons
  4 worldbinders
  A dire elephant zombie (Lair:6)
  3 naga zombies (Crypt:3)
  2 fire giant skeletons
  3 elephants (Lair:6)
  A frost giant skeleton (Depths:2)
  2 rust devils
  A water nymph (shapeshifter) (Depths:3)
  2 eyes of devastation (Slime:5)
  A stone giant skeleton (Pan)
  2 guardian serpents
  3 torpor snails
  An eleionoma skeleton (Crypt:2)
  20 orange demons
  A shock serpent skeleton (Crypt:2)
  A toenail golem (Pan)
  13 vault sentinels
  A water nymph (WizLab)
  3 black mambas (Lair:5)
  An apocalypse crab (Abyss:3)
  2 titan simulacra (Coc:2)
  14 cane toads
  A naga mage (Abyss:4)
  2 naga skeletons (Pan)
  25 smoke demons
  4 unseen horrors
  14 hellions
  2 rime drakes
  Psyche (D:12)
  2 dire elephant skeletons (Pan)
  A yaktaur (shapeshifter) (D:13)
  An unseen horror (shapeshifter) (D:14)
  4 alligator snapping turtle skeletons
  12 efreet
  6 spectral redbacks (Spider:4)
  A gargoyle (Volcano)
  9 komodo dragons
  39 yaktaurs
  3 anaconda simulacra
  4 kobold demonologists (D:11)
  21 demonic crawlers
  3 redback zombies (Spider:4)
  2 bunyip simulacra
  4 tengu conjurers
  11 ice devils
  2 spectral nagas (Tar:3)
  14 freezing wraiths
  18 tormentors
  7 harpy zombies
  A steelbarb worm zombie (Crypt:3)
  6 red devils
  2 hydra zombies (Coc:1)
  An iron giant simulacrum (Coc:3)
  3 ancient zymes
  A black draconian skeleton (Crypt:2)
  6 hellwings
  8 tyrant leeches
  10 trolls
  A silent spectre (Tar:4)
  4 polar bears
  A queen bee (D:11)
  4 meliai
  8 hornets
  3 spectral harpies
  A spectral jumping spider (Spider:4)
  4 spectral tarantellas (Spider:4)
  4 harpy skeletons
  2 blink frogs (shapeshifter)
  5 dream sheep (Lair:5)
  131 slime creatures
  19 raiju
  A tengu simulacrum (Depths:2)
  A jumping spider zombie (Spider:4)
  25 tarantellas
  A human simulacrum (Vaults:4)
  4 blink frogs (Lair:6)
  An ettin zombie (Tar:7)
  An iron dragon simulacrum (Coc:2)
  A frost giant simulacrum (Depths:2)
  A jumping spider (shapeshifter) (Abyss:4)
  An alligator zombie (Hell)
  A fire giant simulacrum (Depths:1)
  A snapping turtle (shapeshifter) (D:13)
  20 shadows
  16 culicivoras
  4 stone giant simulacra
  15 jumping spiders
  A spriggan (shapeshifter) (D:13)
  13 flying skulls (Crypt:2)
  3 spriggans
  2 alligator skeletons (Hell)
  4 centaur simulacra
  63 yaks
  2 wyverns
  A dire elephant simulacrum (Coc:2)
  12 water elementals
  16 ynoxinuls
  6 air elementals
  6 fire elementals
  13 wraiths
  An ice dragon skeleton (Crypt:3)
  4 hogs (Swamp:3)
  2 ettin skeletons
  3 vampires
  2 fire bats (Abyss:4)
  18 golden eyes
  A wyvern (shapeshifter) (D:13)
  A human (shapeshifter) (D:13)
  2 black mamba skeletons (Pan)
  A golden eye (shapeshifter) (Gauntlet)
  A tyrant leech zombie (Crypt:1)
  4 basilisks
  A hog (shapeshifter) (Vaults:5)
  Grum (Lair:1)
  3 alligator snapping turtle simulacra
  12 vampire mosquitoes (D:13)
  13 chaos spawn
  25 neqoxecs
  29 redbacks
  6 swamp worms
  3 spectral cane toads (Lair:6)
  A merfolk zombie (Crypt:3)
  4 wargs
  4 harpy simulacra
  2 nagas (Abyss:4)
  An acid dragon (shapeshifter) (Vaults:5)
  6 hydra simulacra
  A two-headed ogre zombie (D:12)
  2 spatial vortices (Abyss:3)
  3 hell hounds (Gauntlet)
  2 acid dragons
  22 water moccasins
  4 floating eyes
  5 spectral hornets (Spider:4)
  4 swamp drakes
  A hornet zombie (Spider:4)
  3 ettin simulacra
  17 orc warriors
  2 ice beasts
  27 ogres
  A black bear (D:4)
  2 elephant zombies (Lair:6)
  2 necrophages
  A tengu (shapeshifter) (Elf:2)
  A tengu (Abyss:3)
  A centaur (shapeshifter) (Gauntlet)
  2 elephant skeletons (Lair:6)
  24 wolves
  14 centaurs
  2 phantoms (D:12)
  2 swamp dragon skeletons
  A dream sheep skeleton (Crypt:3)
  5 kobold brigands
  16 small abominations
  12 bullfrogs
  A gnoll sergeant (D:5)
  10 scorpions
  A naga simulacrum (Coc:1)
  A wyvern zombie (D:7)
  A cane toad simulacrum (Lair:6)
  An earth elemental (Volcano)
  A wyvern skeleton (Crypt:3)
  A water moccasin zombie (Crypt:1)
  A shapeshifter zombie (Crypt:2)
  2 troll zombies (D:12)
  An elephant simulacrum (Lair:6)
  37 killer bees
  12 wights (D:8)
  3 electric eels
  A wolf zombie (Crypt:2)
  3 howler monkeys
  4 centaur zombies
  A bullfrog zombie (D:5)
  A spectral centaur (D:8)
  A human zombie (D:4)
  2 quasits (Abyss:3)
  2 hounds
  6 jellies
  A gnoll shaman (D:8)
  14 orc priests
  A bullfrog skeleton (D:5)
  7 centaur skeletons
  2 iguanas
  An iron imp (Abyss:3)
  19 orc wizards
  4 human skeletons
  3 lightning spires (Abyss:5)
  A killer bee zombie (D:8)
  A dwarf zombie (Crypt:2)
  5 ogre zombies (D:12)
  A dwarf skeleton (Crypt:1)
  2 howler monkey zombies (D:10)
  9 gnolls
  2 howler monkey skeletons
  11 adders
  2 white imps
  4 ufetubi
  An adder skeleton (D:5)
  A halfling skeleton (Crypt:3)
  A lava snake skeleton (Crypt:1)
  3 worms
  2 dart slugs
  71 orcs
  2 bats (D:2)
  19 endoplasms
  13 giant cockroaches
  A goblin (D:2)
  6 hobgoblins
  2 jackals (D:3)
  4 kobolds
  11 quokkas
  14 ball pythons
  A ball python zombie (Crypt:1)
  8 frilled lizards
  3 goblin skeletons
  5 goblin zombies
  A hobgoblin skeleton (D:12)
  7 hobgoblin zombies
  A jackal skeleton (Crypt:2)
  A jackal zombie (Crypt:1)
  2 orc skeletons (D:12)
  14 orc zombies (D:12)
  6 rats
  2 butterflies (Lair:5)
  2 creeping infernos
  25 fire vortices
  3 starspawn tentacles
3471 creatures vanquished.

Vanquished Creatures (collateral kills)
  Ereshkigal (Tar:7)
  Mnoleg (Pan)
  2 pandemonium lords (Pan)
  4 caustic shrikes
  Geryon (Hell)
  2 profane servitors
  5 Tzitzimimeh (Tar:7)
  A tentacled monstrosity (Swamp:2)
  2 liches
  2 tainted leviathans
  2 tentacled starspawn
  2 deep elf blademasters (Elf:3)
  Asterion (Vaults:3)
  An acid blob (Slime:5)
  2 ancient champions (Tar:2)
  A death cob (Zot:4)
  A tengu reaver (Vaults:5)
  A demonspawn warmonger (Pan)
  A nagaraja (WizLab)
  A frost giant (Abyss:3)
  An iron dragon (Dis:2)
  2 revenants (Crypt:1)
  4 ghouls
  2 quicksilver elementals
  4 balrugs (Pan)
  An emperor scorpion (Spider:4)
  2 reapers
  A draconian stormcaller (Zot:4)
  An ironbound preserver (Vaults:2)
  3 war gargoyles
  2 stone giants
  A demonspawn corrupter (WizLab)
  An ironbound thunderhulk (Vaults:4)
  6 very ugly things
  2 black draconians (Zot:4)
  A white draconian (Abyss:3)
  4 demonspawn black suns (Pan)
  A minotaur (Gauntlet)
  3 deep elf annihilators
  2 putrid mouths (Tar:7)
  A lorocyproca (Pan)
  2 iron golems
  3 green deaths
  2 dire elephants (Vaults:3)
  2 ettins (Vaults:3)
  2 blizzard demons
  3 deep elf death magi (Elf:3)
  2 deep elf high priests (WizLab)
  A merfolk impaler (Abyss:5)
  A great orb of eyes (Abyss:3)
  6 jiangshi (Crypt:1)
  A spectral fenstrider witch (Tar:2)
  A vault guard (Vaults:5)
  3 hydras
  A ghost crab (Swamp:2)
  A hell beast (Pan)
  A centaur warrior (Vaults:2)
  A dancing weapon (Elf:3)
  2 alligators
  2 death knights
  4 vampire magi (Crypt:1)
  3 thrashing horrors
  3 soul eaters
  A hell knight (Hell)
  7 sun demons (Pan)
  2 shadow wraiths
  A skeletal warrior (Crypt:1)
  A sixfirhy (Abyss:4)
  2 goliath frogs
  A wretched star (Abyss:3)
  2 deep trolls
  A shadow demon (Pan)
  A bog body (Swamp:4)
  3 swamp dragons (Swamp:4)
  A wizard (Vaults:4)
  2 ironbound convokers (Vaults:4)
  2 phantasmal warriors
  A deep elf zephyrmancer (Elf:3)
  A spectral wolf spider (Spider:4)
  2 wolf spiders (Spider:4)
  3 ugly things
  5 moths of wrath
  2 worldbinders
  A vault sentinel (Vaults:4)
  3 orange demons (Pan)
  4 smoke demons
  An eye of devastation (Slime:5)
  A cane toad (Lair:2)
  An apocalypse crab (Abyss:3)
  A naga skeleton (Abyss:3)
  A gargoyle (Volcano)
  2 freezing wraiths (Crypt:1)
  A spectral redback (Spider:4)
  A demonic crawler (Hell)
  A komodo dragon (Lair:2)
  A minotaur zombie (Crypt:1)
  A starcursed mass (Abyss:5)
  A grey draconian skeleton (Crypt:1)
  2 hellwings
  A red devil (Pan)
  An iron giant simulacrum (Tar:2)
  4 ancient zymes
  A tarantella (Spider:4)
  A spectral tarantella (Spider:4)
  A tyrant leech (Swamp:1)
  4 raiju
  3 jumping spiders
  An air elemental (Elf:3)
  A water elemental (Abyss:3)
  2 ynoxinuls (Pan)
  An alligator skeleton (Crypt:1)
  A fire bat (Abyss:4)
  6 wraiths (Crypt:1)
  A yak (Lair:2)
  10 large abominations
  A fire elemental (Volcano)
  A golden eye (Pan)
  2 neqoxecs (Abyss:4)
  5 redbacks
  4 vampire mosquitoes (Swamp:2)
  3 chaos spawn
  A spatial vortex (Abyss:4)
  3 swamp worms
  3 swamp drakes
  A hornet zombie (Spider:4)
  An ice beast (Abyss:3)
  A necrophage (Crypt:1)
  An iron imp (Abyss:4)
  3 lightning spires (Abyss:5)
  A white imp (Abyss:3)
  A starspawn tentacle (Abyss:4)
261 creatures vanquished.

Vanquished Creatures (others)
  Cerebov (Pan)
  4 eldritch tentacles
  A blizzard demon (Pan)
  A hydra (Swamp:3)
  A caustic shrike simulacrum (Coc:3)
  A two-headed ogre (D:10)
  A wizard (Pan)
  A deep elf zephyrmancer (Elf:3)
  A will-o-the-wisp (Swamp:2)
  A smoke demon (Pan)
  An unseen horror (D:10)
  A bunyip simulacrum (Coc:1)
  A hellwing (Depths:2)
  A dire elephant simulacrum (Coc:3)
  A spriggan (Swamp:1)
  A human (Swamp:3)
  A harpy simulacrum (Coc:2)
  A small abomination (Abyss:3)
  A centaur (D:10)
  A kobold brigand (D:10)
  A killer bee (D:9)
  An orc wizard (D:10)
  4 creeping infernos
  23 demonic plants (Gauntlet)
  4 fire vortices
  8 foxfires
  22 fungi
  55 plants
  8 starspawn tentacles
  20 withered plants (Lair:6)
169 creatures vanquished.

Grand Total: 3901 creatures vanquished

Notes
Turn   | Place    | Note
-------+----------+-------------------------------------------
     0 | D:1      | nrm the Draconian Transmuter began the quest for the Orb.
     0 | D:1      | Reached XP level 1. HP: 16/16 MP: 3/3
    97 | D:1      | Found a faded altar of an unknown god.
   676 | D:1      | Reached XP level 2. HP: 23/23 MP: 5/5
  1184 | D:2      | Reached XP level 3. HP: 26/28 MP: 6/6
  1192 | D:2      | Reached skill level 1 in Short Blades
  1755 | D:2      | Reached XP level 4. HP: 32/35 MP: 7/7
  2366 | D:3      | Reached skill level 1 in Stealth
  2405 | D:3      | Found a glowing drain.
  2408 | D:3      | Reached XP level 5. HP: 41/41 MP: 9/9
  2411 | Sewer    | Entered a sewer
  3123 | Sewer    | Reached XP level 6. HP: 30/48 MP: 10/10
  3244 | Sewer    | Got the Compendium of the Supportive Oath
  4021 | D:3      | Found a runed translucent gate.
  4022 | D:3      | Found a runed translucent gate.
  4023 | D:3      | Found a runed translucent gate.
  4024 | D:3      | Noticed Elepheyn's ghost (amateur MiVM)
  4025 | D:3      | Identified the +4 mace "Xoaqiuru" {elec, SInv}
  4560 | D:4      | Found a runed translucent door.
  4560 | D:4      | Noticed a human
  4760 | D:4      | Found a basalt altar of Yredelemnul.
  5132 | D:5      | Entered Level 5 of the Dungeon
  5159 | D:5      | Found a glowing golden altar of the Shining One.
  5501 | D:5      | Became a worshipper of the Shining One
  5759 | D:5      | Noticed a water moccasin
  5967 | D:2      | Your scales start taking on a fiery red colour.
  5967 | D:2      | Reached XP level 7. HP: 55/56 MP: 11/11
  5967 | D:2      | Gained mutation: Your flesh is heat resistant. (rF+) [Red
                  | Draconian growth]
  6088 | D:5      | Reached skill level 1 in Maces & Flails
  6288 | D:5      | Found Ecaot's Jewellery Emporium.
  6977 | D:5      | Found an opulent altar of Gozag.
  7179 | D:5      | Found a glowing golden altar of the Shining One.
  7335 | D:6      | Reached XP level 8. HP: 58/66 MP: 12/12
  8090 | D:6      | Found a shadowy altar of Dithmenos.
  8277 | D:6      | Found a staircase to the Ecumenical Temple.
  8292 | D:6      | Found the +2 shield of Resistance {rF++ rC++ Will++}
  8587 | D:6      | Found a shadowy altar of Dithmenos.
  8851 | D:6      | Found a staircase to the Ecumenical Temple.
  9022 | D:7      | Reached * piety under the Shining One
  9035 | D:6      | Reached skill level 5 in Maces & Flails
  9035 | D:6      | Reached skill level 1 in Shields
  9871 | D:8      | Found a runed translucent gate.
  9871 | D:8      | Found a runed translucent gate.
  9871 | D:8      | Found a runed translucent gate.
  9872 | D:8      | Noticed simpld's ghost (novice OgNe)
  9925 | D:8      | Killed simpld's ghost
  9926 | D:8      | Reached XP level 9. HP: 39/72 MP: 13/13
 10271 | D:8      | Found a runed translucent door.
 10273 | D:8      | Found a runed translucent door.
 10300 | D:8      | Reached ** piety under the Shining One
 10863 | D:8      | Paralysed by a hornet for 3 turns
 11152 | D:8      | Found a shimmering blue altar of Sif Muna.
 11302 | D:8      | Paralysed by a hornet for 2 turns
 12008 | D:8      | Reached skill level 1 in Invocations
 12022 | D:8      | Reached skill level 10 in Maces & Flails
 12274 | D:8      | Reached skill level 5 in Shields
 12274 | D:8      | Reached XP level 10. HP: 60/80 MP: 14/14
 12844 | D:9      | Noticed Erolcha
 12871 | D:9      | Killed Erolcha
 12872 | D:9      | Reached skill level 1 in Throwing
 13328 | D:9      | Found a hide-covered altar of Uskayaw.
 13336 | D:9      | Found a snail-covered altar of Cheibriados.
 13500 | D:10     | Entered Level 10 of the Dungeon
 13638 | D:10     | Noticed a two-headed ogre
 13643 | D:10     | Killed a two-headed ogre
 13652 | D:10     | Killed a two-headed ogre
 13831 | D:10     | Reached *** piety under the Shining One
 14076 | D:10     | Found a shimmering altar of Xom.
 14186 | D:10     | Found a glowing silver altar of Zin.
 14223 | D:10     | Found a staircase to the Lair.
 14533 | D:11     | Noticed a white ugly thing
 14540 | D:11     | Killed a white ugly thing
 14846 | D:11     | Reached XP level 11. HP: 58/85 MP: 15/15
 15019 | D:11     | Noticed a boulder beetle
 15287 | D:11     | Killed a boulder beetle
 15312 | D:11     | Noticed a two-headed ogre
 15476 | D:11     | Noticed a green ugly thing
 15492 | D:10     | Killed a green ugly thing
 16025 | D:11     | Noticed a white ugly thing
 16046 | D:11     | HP: 1/85 [white ugly thing (11)]
 16055 | D:11     | Killed a white ugly thing
 16401 | D:11     | Noticed a two-headed ogre
 16410 | D:11     | Killed a two-headed ogre
 16459 | D:11     | Noticed Harold
 16614 | D:11     | Noticed a boulder beetle
 17152 | D:11     | Killed a boulder beetle
 17326 | D:11     | Noticed a centaur warrior
 17336 | D:11     | Reached skill level 10 in Shields
 17393 | D:11     | Killed a centaur warrior
 17405 | D:11     | Noticed a mana viper
 17405 | D:11     | a guardian serpent changed into a mana viper
 17415 | D:11     | Noticed a sea snake
 17415 | D:11     | a mana viper changed into a sea snake
 17426 | D:11     | Killed a sea snake
 17428 | D:11     | Noticed a boulder beetle
 17551 | D:11     | Killed a two-headed ogre
 17552 | D:11     | Reached XP level 12. HP: 88/92 MP: 16/16
 17702 | D:11     | Killed a boulder beetle
 17821 | D:11     | Killed Harold
 18911 | D:12     | You fall into a shaft and drop 1 floor!
 18950 | D:12     | Noticed Psyche
 18959 | D:12     | Killed Psyche
 19218 | D:12     | Noticed an eight-headed hydra
 20000 | D:12     | Reached **** piety under the Shining One
 20049 | D:12     | Found a staircase to the Orcish Mines.
 20130 | D:12     | Reached ***** piety under the Shining One
 20817 | Orc:1    | Entered Level 1 of the Orcish Mines
 20839 | Orc:1    | Noticed an orc high priest
 20851 | D:12     | Killed an orc high priest
 20995 | D:12     | Reached skill level 5 in Fighting
 21262 | Orc:1    | Found Beagalyt's Antique Armour Shoppe.
 21405 | Orc:1    | Noticed an orc high priest
 21724 | Orc:1    | Gained mutation: You are frail. (-10% HP) [a neqoxec]
 21791 | Orc:1    | Killed an orc high priest
 21965 | Orc:2    | Entered Level 2 of the Orcish Mines
 22114 | Orc:2    | Noticed an orc high priest
 22506 | Orc:1    | Killed an orc high priest
 22968 | Orc:2    | Reached XP level 13. HP: 91/91 MP: 17/17
 23118 | Orc:2    | Reached skill level 5 in Invocations
 25153 | Orc:2    | Found a staircase to the Elven Halls.
 25275 | Orc:2    | Found Xahel's Book Shoppe.
 25275 | Orc:2    | Found Ewiogeoll's Distillery.
 25369 | Orc:2    | Found Zomacw's Assorted Antiques.
 25381 | Orc:2    | Found Zig Zuca's Jewellery Shoppe.
 25385 | Orc:2    | Bought a potion of heal wounds for 140 gold pieces
 25397 | Orc:2    | Bought a ring of poison resistance for 220 gold pieces
 25651 | Orc:2    | Bought a book of Fire for 704 gold pieces
 25658 | Orc:2    | Learned a level 4 spell: Sticky Flame
 25835 | Lair:1   | Entered Level 1 of the Lair of Beasts
 26373 | D:5      | Bought a +4 ring of protection for 504 gold pieces
 26659 | D:10     | Reached skill level 15 in Shields
 27187 | Lair:1   | Identified the +0 scale mail of Ignis's Delight {Str-2
                  | Int+6}
 27604 | Lair:1   | Noticed Grum
 27632 | Lair:1   | Killed Grum
 28462 | Lair:2   | Reached XP level 14. HP: 74/107 MP: 19/19
 28494 | Lair:2   | Reached skill level 10 in Fighting
 28621 | Lair:2   | Found a transporter.
 28624 | Lair:2   | Noticed Zapai's ghost (journeyman DgAr)
 28636 | Lair:2   | Found a transporter.
 28687 | Lair:2   | Found a dark tunnel.
 28697 | Volcano  | Entered a volcano
 28877 | Volcano  | Noticed a stone giant
 28888 | Volcano  | Killed a stone giant
 29030 | Volcano  | Identified the +0 pair of boots of Dithmenos's Whim {Dex+3}
 29377 | Lair:2   | Found a staircase to the Swamp.
 29772 | Lair:2   | Killed Zapai's ghost
 29896 | Lair:2   | Identified the amulet of Eghoob {RegenMP Drain rN+ Dex+8}
 30695 | Lair:3   | Noticed Sonja
 30712 | Lair:3   | Killed Sonja
 31290 | Lair:4   | Noticed Nergalle
 31308 | Lair:3   | Killed Nergalle
 31379 | Lair:4   | Found a gate leading to a gauntlet.
 31389 | Gauntlet | Entered a Gauntlet
 31389 | Gauntlet | Found a transporter.
 31394 | Gauntlet | Noticed a cacodemon
 31395 | Gauntlet | Found a transporter.
 31399 | Gauntlet | Found a transporter.
 31399 | Gauntlet | Found a transporter.
 31402 | Gauntlet | Found a transporter.
 31403 | Gauntlet | Found a transporter.
 31411 | Gauntlet | Found a transporter.
 31411 | Gauntlet | Found the amulet of the Four Winds {rN+ Will+++ Clar}
 31414 | Gauntlet | Found a transporter.
 31431 | Gauntlet | Found a transporter.
 31448 | Gauntlet | Found a transporter.
 31452 | Gauntlet | Found a transporter.
 31460 | Gauntlet | Found a transporter.
 31659 | Gauntlet | Identified the +1 scale mail of Leapfrog {*Corrode Will+
                  | Int+4 SInv}
 31757 | Gauntlet | Got the Catalogue of the Snowflakes
 31959 | Lair:4   | Identified the +1 ring mail "Vozygg" {+Blink}
 32095 | Lair:4   | Found a hole to the Spider Nest.
 32201 | Lair:4   | Reached skill level 10 in Invocations
 32710 | Lair:4   | Identified the +6 short sword of Sionlott {venom, rF+
                  | Str+2}
 33648 | Lair:4   | Reached skill level 5 in Dodging
 33971 | Lair:5   | Found a runed translucent door.
 33972 | Lair:5   | Found a viscous altar of Jiyva.
 34294 | Lair:5   | Found a staircase to the Slime Pits.
 34619 | Lair:6   | Entered Level 6 of the Lair of Beasts
 34653 | Lair:6   | Reached XP level 15. HP: 112/123 MP: 22/22
 35587 | Lair:6   | Paralysed by a floating eye for 3 turns
 36316 | Lair:6   | Reached skill level 15 in Fighting
 36320 | Lair:6   | Reached skill level 1 in Fire Magic
 37651 | Lair:5   | Found a runed translucent door.
 37651 | Lair:5   | Found a viscous altar of Jiyva.
 37652 | Lair:5   | Found a staircase to the Slime Pits.
 38076 | Lair:6   | Got Kikubaaqudgh's Papyrus of Evil Arts
 38134 | Lair:6   | Paralysed by a floating eye for 4 turns
 38154 | Lair:6   | Paralysed by a floating eye for 2 turns
 38160 | Lair:6   | Paralysed by a floating eye for 4 turns
 38462 | Spider:1 | Entered Level 1 of the Spider Nest
 39159 | Spider:1 | Noticed an emperor scorpion
 39183 | Lair:4   | Killed an emperor scorpion
 40486 | Spider:2 | Reached ****** piety under the Shining One
 41249 | Spider:3 | Noticed an emperor scorpion
 41250 | Spider:3 | Reached skill level 5 in Fire Magic
 41261 | Spider:3 | Killed an emperor scorpion
 41265 | Spider:3 | Reached XP level 16. HP: 49/135 MP: 25/25
 41273 | Spider:2 | Reached skill level 15 in Maces & Flails
 42339 | Spider:3 | Got the Tome of Gliding Confrontation
 44081 | Spider:3 | Identified the ring "Ysah" {+Blink rPois rF- rN+}
 44179 | Spider:3 | Identified the +11 flail "Xeacoan" {flame, Fly}
 44274 | Spider:4 | Entered Level 4 of the Spider Nest
 44806 | Spider:4 | Noticed Roxanne
 44823 | Spider:4 | Noticed Bai Suzhen
 44845 | Spider:4 | Killed Bai Suzhen
 46727 | Spider:4 | Reached XP level 17. HP: 139/142 MP: 22/28
 46729 | Spider:4 | Reached skill level 15 in Invocations
 46752 | Spider:4 | Got a gossamer rune of Zot
 47067 | Spider:4 | Killed Roxanne
 47355 | Swamp:1  | Entered Level 1 of the Swamp
 47355 | Swamp:1  | Noticed a tentacled monstrosity
 47355 | Swamp:1  | You fall into a shaft and drop 1 floor!
 47359 | Swamp:2  | Noticed a tentacled monstrosity
 47365 | Swamp:2  | Killed a tentacled monstrosity
 47375 | Swamp:2  | Reached skill level 5 in Spellcasting
 47440 | Swamp:1  | HP: 6/142 [eleionoma/spray of wooden splinters (36)]
 47446 | Swamp:1  | Reached skill level 10 in Fire Magic
 47794 | Swamp:1  | Reached skill level 1 in Crossbows
 47814 | Swamp:1  | Killed a tentacled monstrosity
 48687 | Swamp:1  | Reached skill level 1 in Necromancy
 49935 | Swamp:3  | Reached skill level 1 in Hexes
 50579 | Swamp:3  | Reached skill level 1 in Summonings
 51085 | Swamp:3  | Noticed Kirke
 51107 | Swamp:3  | Killed Kirke
 51731 | Swamp:4  | Entered Level 4 of the Swamp
 51990 | Swamp:4  | Learned a level 8 spell: Ignition
 53201 | Swamp:4  | Reached XP level 18. HP: 72/151 MP: 19/29
 53266 | Swamp:4  | Noticed the 27-headed Lernaean hydra
 53515 | Swamp:3  | You fall into a shaft and drop 1 floor!
 53921 | Swamp:4  | Got a decaying rune of Zot
 54962 | Elf:1    | Entered Level 1 of the Elven Halls
 54964 | Elf:1    | Paralysed by an air elemental for 1 turns
 54967 | Elf:1    | Paralysed by an air elemental for 1 turns
 54975 | Elf:1    | Paralysed by an air elemental for 1 turns
 55021 | Elf:1    | Found Nuras's Magic Scroll Shop.
 55118 | Elf:1    | Found a magical portal.
 55124 | WizLab   | Entered Alistair's Party Mansion
 55831 | WizLab   | Identified a scroll of acquirement
 55840 | WizLab   | Acquired the +1 cloak of Myuc {rF++ Will+ Regen+ Int-2}
 56396 | Elf:1    | Bought a scroll of teleportation for 54 gold pieces
 56588 | Elf:1    | Found Athaxkog's Jewellery Emporium.
 56591 | Elf:1    | Found Fumpoz's Book Boutique.
 56592 | Elf:1    | Found Imust's Jewellery Emporium.
 56654 | Elf:1    | Bought the ring "Fowedd" {rElec rF+ Int+6} for 670 gold
                  | pieces
 57258 | Elf:2    | Found Sodghenil's Antique Weapon Emporium.
 57404 | Elf:2    | Paralysed by an air elemental for 1 turns
 57614 | Elf:2    | Found a runed translucent gate.
 57615 | Elf:2    | Found a runed translucent gate.
 57615 | Elf:2    | Found a runed translucent gate.
 58017 | Elf:2    | Identified the +5 hand crossbow of Diahoac {vorpal, rElec
                  | rF+ rN+}
 58388 | Elf:2    | Reached XP level 19. HP: 127/163 MP: 32/32
 59004 | Elf:3    | Entered Level 3 of the Elven Halls
 59247 | Elf:3    | Paralysed by an air elemental for 1 turns
 59459 | Elf:3    | Found Recilut's Magic Scroll Emporium.
 59477 | Elf:3    | Paralysed by an air elemental for 1 turns
 59559 | Elf:3    | Identified the +3 scale mail of Renorr {+Blink Int-3 Dex+3}
 59561 | Elf:3    | Identified the ring "Kyxutt" {rC+ Str-2 Int+6 Dex+5 Stlth+}
 60138 | Elf:3    | Noticed a Tzitzimitl
 60612 | Elf:3    | Reached skill level 10 in Spellcasting
 60928 | Elf:3    | Identified the +2 rapier "Jellyslayer" {venom, rPois}
 61136 | Elf:3    | Identified the +5 spear of the Vestibule of Hell {venom,
                  | rElec Will+}
 61352 | Elf:3    | Identified the +0 plate armour of Beauty {-Tele Rampage
                  | rN++ SInv}
 61364 | Elf:3    | Got the Compendium of Ensnaring Shape Shifting
 61432 | Elf:3    | Identified the +2 arbalest "Nurchimi" {penet, +Blink}
 61703 | D:13     | Noticed Rupert
 61712 | D:13     | Killed Rupert
 62110 | D:13     | Identified the +1 scale mail of the Cockatrice {rF- Dex+2
                  | Slay+3}
 62197 | D:13     | Identified the +0 buckler of the Lumpy Blessings {-Tele
                  | Rampage Int+5}
 62816 | D:14     | Reached XP level 20. HP: 166/178 MP: 34/34
 62851 | D:14     | Reached skill level 15 in Fire Magic
 63371 | D:14     | Found a runed translucent door.
 63379 | D:14     | Noticed Wopp's ghost (journeyman GrEE)
 63473 | D:14     | Found a gate to the Vaults.
 63944 | D:14     | Killed Wopp's ghost
 63988 | D:15     | Entered Level 15 of the Dungeon
 64242 | D:15     | Found a staircase to the Depths.
 65446 | Vaults:1 | Entered Level 1 of the Vaults
 66751 | Vaults:1 | Found Caeckaen's Antique Weapon Shoppe.
 68038 | Vaults:2 | Found a runed translucent door.
 68038 | Vaults:2 | Found a shimmering altar of Xom.
 68038 | Vaults:2 | Noticed Lukheov's ghost (veteran DrWn)
 68069 | Vaults:2 | Killed Lukheov's ghost
 68673 | Vaults:2 | Reached XP level 21. HP: 183/190 MP: 36/36
 68818 | Vaults:2 | Found a staircase to the Crypt.
 69009 | Vaults:3 | Noticed Asterion
 69023 | Vaults:3 | Killed Asterion
 69109 | Vaults:3 | Found a transporter.
 69110 | Vaults:3 | Noticed Nornya's ghost (veteran MfSu)
 69111 | Vaults:3 | Found a bloodstained altar of Trog.
 69139 | Vaults:3 | Found a transporter.
 70144 | Vaults:3 | Identified the +10 falchion of Kaar {freeze, *Rage rElec
                  | rF+ MP+9 Stlth+}
 71539 | Vaults:4 | Found Byept's General Store.
 71547 | Vaults:4 | Bought 4 curare-tipped darts for 38 gold pieces
 71547 | Vaults:4 | Bought a potion of heal wounds for 80 gold pieces
 72206 | Depths:1 | Entered Level 1 of the Depths
 72923 | Depths:1 | Reached XP level 22. HP: 188/203 MP: 38/38
 73046 | Depths:1 | Acquired the ring "Siba" {+Blink rC+ rCorr Int+3 Dex-4}
 73196 | Depths:1 | Found a gateway to Hell.
 73504 | Depths:2 | Found a one-way gate leading to the halls of Pandemonium.
 73667 | Depths:2 | Found a one-way gateway to a ziggurat.
 74938 | Depths:2 | Found a burning altar of Makhleb.
 75293 | Depths:3 | Found a one-way gate to the infinite horrors of the Abyss.
 75343 | Depths:3 | Noticed a caustic shrike
 75358 | Depths:3 | Killed a caustic shrike
 75860 | Depths:3 | Found an iron altar of Okawaru.
 76223 | Depths:3 | Found a runed translucent door.
 76224 | Depths:3 | Found a runed translucent door.
 76559 | Depths:3 | Noticed a caustic shrike
 76569 | Depths:3 | Killed a caustic shrike
 77024 | Vaults:1 | Bought a runed eveningstar for 504 gold pieces
 77039 | Vaults:1 | Identified a +3 eveningstar of holy wrath (a +1 eveningstar
                  | of pain blessed by the Shining One)
 77039 | Vaults:1 | Received a gift from the Shining One
 77269 | Depths:4 | Entered Level 4 of the Depths
 77454 | Depths:4 | Noticed a golden dragon
 77988 | Depths:4 | Noticed a caustic shrike
 77988 | Depths:4 | Noticed a caustic shrike
 77988 | Depths:4 | Noticed a caustic shrike
 77988 | Depths:4 | Noticed a caustic shrike
 77988 | Depths:4 | Noticed a caustic shrike
 78012 | Depths:3 | Killed a caustic shrike
 78012 | Depths:3 | Killed a caustic shrike
 78021 | Depths:3 | Killed a caustic shrike
 78023 | Depths:3 | Killed a caustic shrike
 78254 | Depths:3 | Killed a golden dragon
 78621 | Depths:4 | Killed a caustic shrike
 78633 | Depths:4 | Reached XP level 23. HP: 174/210 MP: 40/40
 78784 | Depths:4 | Found a gate to the Realm of Zot.
 79407 | Depths:4 | Found a runed translucent door.
 79465 | Depths:4 | Found Nuteutui's Antique Armour Emporium.
 79465 | Depths:4 | Found Xukh's Armour Boutique.
 79467 | Depths:4 | Found Caacw's Book Shoppe.
 79467 | Depths:4 | Found Iloroun's Weapon Shop.
 79645 | Depths:4 | Found Xugries's Magic Scroll Emporium.
 79645 | Depths:4 | Found Saurrull's Jewellery Boutique.
 79653 | Depths:4 | Bought a scroll of teleportation for 63 gold pieces
 79653 | Depths:4 | Bought a scroll of magic mapping for 73 gold pieces
 79653 | Depths:4 | Bought 2 scrolls of blinking for 315 gold pieces
 79994 | Depths:4 | Reached skill level 1 in Translocations
 79999 | Depths:4 | Reached skill level 1 in Air Magic
 79999 | Depths:4 | Reached skill level 1 in Poison Magic
 81033 | Vaults:3 | Killed Nornya's ghost
 81034 | Vaults:3 | Reached skill level 1 in Bows
 81294 | Depths:4 | Bought a pair of runed gloves for 277 gold pieces
 82152 | Hell     | Entered the Vestibule of Hell
 82152 | Hell     | Noticed Geryon
 82163 | Hell     | Killed Geryon
 82173 | Hell     | Gained mutation: You are clumsy. (Dex -2) [a cacodemon]
 82194 | Hell     | Reached skill level 15 in Spellcasting
 82280 | Hell     | Found a gateway to the ashen valley of Gehenna.
 82662 | Hell     | Found a gateway to the Iron City of Dis.
 82711 | Hell     | Found a gateway to the freezing wastes of Cocytus.
 82876 | Hell     | Found a gateway to the decaying netherworld of Tartarus.
 83158 | Depths:3 | Voluntarily entered the Abyss.
 83688 | Abyss:3  | Paralysed by you for 3 turns
 83689 | Abyss:3  | Gained mutation: Your body sometimes deteriorates upon
                  | taking damage. [a neqoxec]
 84851 | Abyss:3  | Reached XP level 24. HP: 202/222 MP: 42/42
 85144 | Abyss:4  | Reached skill level 27 in Fighting
 85145 | Abyss:4  | Reached skill level 1 in Earth Magic
 85458 | Abyss:4  | Gained mutation: You have hidden genetic defects. [a
                  | neqoxec]
 85643 | Abyss:4  | Reached skill level 5 in Earth Magic
 85654 | Abyss:4  | Paralysed by accursed screaming for 1 turns
 85655 | Abyss:5  | Entered Level 5 of the Abyss
 85655 | Abyss:5  | Found a corrupted altar of Lugonu.
 85655 | Abyss:5  | Found a corrupted altar of Lugonu.
 85751 | Abyss:5  | Got an abyssal rune of Zot
 85781 | Depths:3 | Escaped the Abyss
 86125 | Zot:1    | Entered Level 1 of the Realm of Zot
 86271 | Zot:1    | Learned a level 2 spell: Passwall
 86277 | Zot:1    | Learned a level 5 spell: Lee's Rapid Deconstruction
 86284 | Zot:1    | Learned a level 6 spell: Statue Form
 86428 | Zot:1    | Gained mutation: You sometimes lose the ability to read
                  | scrolls when taking damage. [hidden defects]
 86814 | Zot:1    | Lost mutation: You are frail. (-10% HP) [potion of
                  | mutation]
 86814 | Zot:1    | Lost mutation: You are clumsy. (Dex -2) [potion of
                  | mutation]
 86814 | Zot:1    | Gained mutation: You are dopey. (Int -2) [potion of
                  | mutation]
 86815 | Zot:1    | Lost mutation: Your body sometimes deteriorates upon taking
                  | damage. [potion of mutation]
 86815 | Zot:1    | Gained mutation: You are covered in fur. (AC +1) [potion of
                  | mutation]
 86815 | Zot:1    | Gained mutation: You have supernaturally acute eyesight.
                  | (SInv) [potion of mutation]
 86816 | Zot:1    | Lost mutation: You are dopey. (Int -2) [potion of mutation]
 86816 | Zot:1    | Lost mutation: You sometimes lose the ability to read
                  | scrolls when taking damage. [potion of mutation]
 86816 | Zot:1    | Lost mutation: You are covered in fur. (AC +1) [potion of
                  | mutation]
 86816 | Zot:1    | Gained mutation: You do not regenerate when monsters are
                  | visible. [potion of mutation]
 86816 | Zot:1    | Lost mutation: You do not regenerate when monsters are
                  | visible. [potion of mutation]
 86816 | Zot:1    | Gained mutation: You have a beak for a mouth. [potion of
                  | mutation]
 88970 | Zot:2    | Gained mutation: Your body sometimes deteriorates upon
                  | taking damage. [hidden defects]
 88970 | Zot:2    | Lost mutation: You have hidden genetic defects. [hidden
                  | defects expressed]
 89745 | Zot:2    | Identified the +0 ring mail "Eror" {Contam rElec MP+9
                  | Str+4}
 91534 | Zot:3    | Noticed a Killer Klown
 91557 | Zot:3    | Killed a Killer Klown
 91560 | Zot:3    | Reached XP level 25. HP: 257/257 MP: 19/42
 91675 | Zot:3    | Identified the +6 dagger of Greed {protect, rN+ rCorr
                  | Str+4}
 93781 | Zot:4    | Found the +4 dragonskin cloak
 93781 | Zot:4    | Noticed Tiamat
 95484 | Zot:4    | Killed Tiamat
 95884 | Zot:5    | Entered Level 5 of the Realm of Zot
 95987 | Zot:5    | Reached skill level 10 in Earth Magic
 96694 | Zot:5    | Noticed an ancient lich
 96709 | Zot:5    | Killed an ancient lich
 96717 | Zot:5    | Noticed an orb of fire
 96778 | Zot:5    | Noticed a Killer Klown
 96812 | Zot:5    | Killed a Killer Klown
 96825 | Zot:5    | Noticed a Killer Klown
 96840 | Zot:5    | Gained mutation: You sometimes lose the ability to read
                  | scrolls when taking damage. [an orb of fire]
 96848 | Zot:5    | Gained mutation: You tend to lose your temper in combat.
                  | [an orb of fire]
 96850 | Zot:5    | Killed an orb of fire
 96855 | Zot:5    | Killed a Killer Klown
 96962 | Zot:5    | Noticed a dread lich
 97100 | Zot:5    | Identified the ring "Puetil" {rC+++ AC+4 Str+6 Int-4 Dex+2}
 97107 | Zot:4    | Killed a dread lich
 97180 | Zot:5    | Noticed an orb of fire
 97395 | Zot:5    | Gained mutation: You are weak. (Str -2) [an orb of fire]
 97400 | Zot:5    | Gained mutation: You are very weak. (Str -4) [an orb of
                  | fire]
 97403 | Zot:5    | Killed an orb of fire
 97552 | Depths:4 | Bought the -2 hat of the Alchemist {rElec rPois rF+ rC+ rN+
                  | Will+ rMut rCorr} for 1746 gold pieces
 97552 | Depths:4 | Found the -2 hat of the Alchemist {rElec rPois rF+ rC+ rN+
                  | Will+ rMut rCorr}
 97785 | Orc:2    | Bought the ring of Huibbomu {Fire rN+++ Will- Int+3 Dex+3}
                  | for 675 gold pieces
 97996 | Orc:2    | Lost mutation: You tend to lose your temper in combat.
                  | [potion of mutation]
 97996 | Orc:2    | Lost mutation: You sometimes lose the ability to read
                  | scrolls when taking damage. [potion of mutation]
 97996 | Orc:2    | Lost mutation: Your body sometimes deteriorates upon taking
                  | damage. [potion of mutation]
 97996 | Orc:2    | Gained mutation: You expend magic power (3 MP) to
                  | strengthen your wands. [potion of mutation]
 97997 | Orc:2    | Lost mutation: You have supernaturally acute eyesight.
                  | (SInv) [potion of mutation]
 97997 | Orc:2    | Lost mutation: You are very weak. (Str -4) [potion of
                  | mutation]
 98329 | Zot:5    | Noticed a Killer Klown
 98345 | Zot:5    | Noticed a Killer Klown
 98346 | Zot:5    | Killed a Killer Klown
 98395 | Zot:4    | Killed a Killer Klown
 98519 | Zot:5    | Noticed an orb of fire
 98520 | Zot:5    | Gained mutation: You are very weak. (Str -4) [an orb of
                  | fire]
 98537 | Zot:5    | Killed an orb of fire
 98613 | Zot:5    | Noticed a Killer Klown
 98627 | Zot:5    | Killed a Killer Klown
100368 | Zot:5    | Noticed a Killer Klown
100465 | Zot:5    | Killed a Killer Klown
100566 | Zot:5    | Noticed a dread lich
100589 | Zot:5    | Killed a dread lich
101568 | Zot:5    | Reached XP level 26. HP: 259/266 MP: 36/43
103265 | Vaults:5 | Entered Level 5 of the Vaults
103913 | Vaults:5 | Noticed an ancient lich
103925 | Vaults:4 | Killed an ancient lich
104151 | Vaults:5 | Noticed a dread lich
104166 | Vaults:5 | Killed a dread lich
104195 | Vaults:5 | Identified the ring of Tekhloemm {rPois rCorr Dex+2 Stlth-}
104200 | Vaults:5 | Identified the +4 scale mail of Inviolability {rC++ Str-2}
104262 | Vaults:5 | Identified the +1 robe of Kleptomania {Harm Stlth+}
104435 | Vaults:5 | Got a silver rune of Zot
105213 | Vaults:5 | Identified the amulet of Mukusigh {RegenMP Slay+3 Stlth+}
105445 | Vaults:5 | Lost mutation: You are very weak. (Str -4) [potion of
                  | mutation]
105445 | Vaults:5 | Lost mutation: You are weak. (Str -2) [potion of mutation]
105445 | Vaults:5 | Gained mutation: You have a pair of small antennae on your
                  | head. [potion of mutation]
105748 | Slime:1  | Entered Level 1 of the Pits of Slime
105884 | Lair:5   | Learned a level 5 spell: Fireball
105889 | Slime:1  | Reached skill level 1 in Conjurations
106655 | Slime:5  | Entered Level 5 of the Pits of Slime
107139 | Slime:5  | Reached XP level 27. HP: 273/273 MP: 24/47
107250 | Slime:5  | Found a viscous altar of Jiyva.
107261 | Slime:5  | Paralysed by a floating eye for 2 turns
107293 | Slime:5  | Noticed the Royal Jelly
107310 | Slime:4  | Reached skill level 5 in Conjurations
107461 | Slime:4  | You fall into a shaft and drop 1 floor!
107569 | Slime:5  | Killed the Royal Jelly
108081 | Slime:5  | Identified the +0 shortbow of Agony {freeze, rElec rC++
                  | Str-3 Stlth+}
108083 | Slime:5  | Got a slimy rune of Zot
108167 | Slime:5  | Identified the amulet "Vigaliun" {Spirit Rampage Int+4
                  | Stlth+}
108177 | Slime:5  | Identified the +7 battleaxe of Moexiutsy {freeze, *Slow Fly
                  | Dex+2 SInv}
108178 | Slime:5  | Identified the amulet of Youthful Indiscretion {RegenMP
                  | +Blink}
108604 | Geh:1    | Entered Level 1 of Gehenna
108992 | Geh:3    | Reached skill level 15 in Earth Magic
109064 | Geh:3    | You fall into a shaft and drop 3 floors!
109720 | Geh:7    | Entered Level 7 of Gehenna
110484 | Geh:7    | Learned a level 6 spell: Iron Shot
110747 | Geh:7    | Lost dexterity.
111181 | Crypt:1  | Entered Level 1 of the Crypt
112965 | Crypt:2  | Noticed Boris
113669 | Vaults:4 | Bought a potion of might for 64 gold pieces
113836 | Orc:2    | Bought a potion of resistance for 170 gold pieces
113836 | Orc:2    | Bought a potion of haste for 170 gold pieces
113836 | Orc:2    | Bought a potion of might for 68 gold pieces
113836 | Orc:2    | Bought a potion of brilliance for 68 gold pieces
113836 | Orc:2    | Bought a potion of brilliance for 68 gold pieces
113847 | Orc:2    | Bought a scroll of teleportation for 84 gold pieces
113847 | Orc:2    | Bought a potion of lignification for 84 gold pieces
114647 | Orc:2    | Bought a potion of mutation for 136 gold pieces
114876 | Depths:4 | Bought the Papyrus of the Volcanoes and Moulding for 1104
                  | gold pieces
114888 | Depths:4 | Learned a level 9 spell: Fire Storm
115003 | Geh:4    | Noticed an ancient lich
115461 | Geh:4    | Killed an ancient lich
116426 | Geh:7    | Identified the +7 halberd "Zerai" {drain, Str+4}
116426 | Geh:7    | Identified the +12 gold dragon scales "Sasiatty" {rPois rF+
                  | rC+ Will+ Int+4}
116453 | Geh:7    | Found the +7 sceptre of Asmodeus
116453 | Geh:7    | Noticed Asmodeus
116478 | Geh:7    | Killed Asmodeus
116479 | Geh:7    | Reached skill level 27 in Invocations
116511 | Geh:7    | Got an obsidian rune of Zot
117087 | Pan      | Entered Pandemonium
117145 | Pan      | Noticed Qutept the pandemonium lord
117158 | Pan      | Killed Qutept the pandemonium lord
117318 | Pan      | Entered the realm of Gloorx Vloq.
117980 | Pan      | Noticed Gloorx Vloq
119127 | Pan      | Identified the +7 tower shield of Veoqahis {Fly}
119128 | Pan      | Identified the +0 tower shield of Lugonu's Favour {Dex+8}
119142 | Pan      | Killed Gloorx Vloq
119155 | Pan      | Got a dark rune of Zot
119607 | Pan      | Noticed Atzacwebb the pandemonium lord
119798 | Pan      | Killed Atzacwebb the pandemonium lord
120078 | Pan      | Reached skill level 10 in Conjurations
120262 | Pan      | Gained mutation: Your spells are a little easier to cast,
                  | but a little less powerful. [a cacodemon]
120420 | Pan      | Found a runed translucent door.
120443 | Pan      | Got a demonic rune of Zot
120921 | Pan      | Found an exit through the horrors of the Abyss.
121107 | Pan      | Noticed Acopsaykh the pandemonium lord
121119 | Pan      | Killed Acopsaykh the pandemonium lord
121199 | Pan      | Noticed Mennas
121201 | Pan      | Entered the realm of Mnoleg.
121744 | Pan      | Noticed Mnoleg
122081 | Pan      | Gained mutation: You tend to lose your temper in combat. [a
                  | neqoxec]
122126 | Pan      | Paralysed by a floating eye for 2 turns
122153 | Pan      | Gained mutation: Your spells are easier to cast, but less
                  | powerful. [a cacodemon]
122271 | Pan      | Identified the +7 halberd "Omuixzao" {vorpal, rC- rN+
                  | Str+3}
122285 | Pan      | Identified the +0 tower shield of Insurance {Str+4}
122299 | Pan      | Killed Mnoleg
122313 | Pan      | Got a glowing rune of Zot
122355 | Pan      | Gained mutation: You are frail. (-10% HP) [a neqoxec]
122423 | Pan      | Lost mutation: You have a beak for a mouth. [potion of
                  | mutation]
122423 | Pan      | Lost mutation: You tend to lose your temper in combat.
                  | [potion of mutation]
122424 | Pan      | Lost mutation: You are frail. (-10% HP) [potion of
                  | mutation]
122786 | Pan      | Found an exit through the horrors of the Abyss.
122881 | Pan      | Entered the realm of Lom Lobon.
122881 | Pan      | Found an exit through the horrors of the Abyss.
123317 | Pan      | Noticed Lom Lobon
123330 | Pan      | Killed Lom Lobon
123380 | Pan      | Got a magical rune of Zot
123459 | Pan      | Entered the realm of Cerebov.
123492 | Pan      | Reached skill level 15 in Conjurations
123525 | Pan      | Learned a level 8 spell: Lehudib's Crystal Spear
123668 | Pan      | Found the +6 sword of Cerebov {flame}
123668 | Pan      | Noticed Cerebov
123695 | Pan      | Killed Cerebov
124043 | Pan      | Identified the +5 scale mail of Eternal Vigilance {Str+2}
124060 | Pan      | Identified the +0 scale mail "Huihosk" {Fly rElec Will-
                  | Str+9}
124083 | Pan      | Identified the ring of Ignis's Anger {Str+6 Int+7}
124087 | Pan      | Identified the +1 plate armour of Trumpets {rElec rF+ rC-}
124111 | Pan      | Identified the +7 flail of Xadil {antimagic, *Noise rCorr
                  | Dex+4}
124131 | Pan      | Identified the +2 plate armour of a ziggurat {Int+3 Slay+3
                  | Stlth+}
124139 | Pan      | Learned a level 1 spell: Apportation
124142 | Pan      | Learned a level 2 spell: Blink
124180 | Pan      | Got a fiery rune of Zot
124429 | Depths:2 | Escaped Pandemonium
124520 | Tar:1    | Entered Level 1 of Tartarus
125653 | Crypt:2  | Killed Boris
126623 | Tar:4    | Reached skill level 5 in Translocations
126784 | Tar:4    | You fall into a shaft and drop 2 floors!
126819 | Tar:7    | Entered Level 7 of Tartarus
126826 | Tar:7    | Noticed an ancient lich
126832 | Tar:7    | Killed an ancient lich
126875 | Tar:7    | Noticed an ancient lich
126885 | Tar:7    | Killed an ancient lich
127705 | Tar:7    | Noticed a dread lich
127710 | Tar:7    | Killed a dread lich
128079 | Tar:7    | Identified the ring "Setey" {Fire Str+7 Int+3}
128226 | Tar:7    | Identified the +4 battleaxe of Distraction {vorpal,
                  | *Corrode rN++ Dex+2}
128303 | Tar:7    | Identified the +3 tower shield "Uhemm" {Str+3 Int-5 Dex+3}
128395 | Tar:7    | Identified the +6 hand crossbow of the Endless Expanse
                  | {elec, Contam rF+ Str+2}
128449 | Tar:7    | Reached skill level 10 in Dodging
129068 | Crypt:3  | Entered Level 3 of the Crypt
129396 | Crypt:3  | Identified the +8 dire flail of Eternal Night {flame, rPois
                  | Will++}
129588 | Crypt:3  | Noticed Boris
129597 | Crypt:3  | Killed Boris
130529 | Tar:7    | Noticed Ereshkigal
130542 | Tar:7    | Killed Ereshkigal
130564 | Tar:7    | Got a bone rune of Zot
131198 | Crypt:3  | Found a staircase to the Tomb.
131443 | Crypt:3  | Found an ancient bone altar of Kikubaaqudgha.
131838 | Dis:1    | Entered Level 1 of the Iron City of Dis
133950 | Crypt:3  | Identified the amulet "Raiven" {+Inv rC+ Regen+ Int+3
                  | Dex+2}
133950 | Crypt:3  | Noticed Jory
133971 | Crypt:3  | Killed Jory
134374 | Crypt:3  | Identified the ring of Qofeuxkel {rPois rN+}
134374 | Crypt:3  | Identified the ring of Cabil {rPois rN+ MP+9 Dex+3}
134848 | Coc:1    | Entered Level 1 of Cocytus
134927 | Coc:1    | Paralysed by a wendigo for 1 turns
135099 | Coc:1    | Noticed an ancient lich
135108 | Coc:1    | Killed an ancient lich
136215 | Coc:3    | Noticed an ancient lich
136225 | Coc:3    | Killed an ancient lich
136947 | Dis:5    | You fall into a shaft and drop 1 floor!
136980 | Dis:6    | HP: 4/273 [Hell Sentinel/iron shot (30)]
136988 | Dis:6    | Killed from afar by a Hell Sentinel

Illustrated notes

Levels and vault maps discovered:
D:1:      psy_arrival_statuary, layout_basic,
          chequers_ecumenical_altar_simple_redux
D:2:      layout_rooms
D:3:      layout_basic, biasface_ghost_orc_armoury, gup_sewer_entry_spiral,
          kennysheep_minor_cross, minmay_misc_feat_plants,
          chequers_serial_rivers_small_b
D:4:      layout_loops_ring, dk_yredelemnul_ordeal
D:5:      layout_gridville, kennysheep_mini_moat, nicolae_tso_besieged_by_evil,
          serial_shops, shop_statue, wad_rectangle_vault
D:6:      layout_cave_pods, mainiacjoe_overflow_concentric_impassable,
          minmay_temple_entry_enclosed_plants, serial_park, serial_park_avenue1,
          serial_park_tiny_pond
D:7:      layout_rooms, serial_bayou_pond_a
D:8:      lemuel_insect_pit, layout_cave_pods, nicolae_overflow_hidden_temple,
          gammafunk_ghost_necromancy, minmay_misc_feat_iff, grunt_ministairs_1
D:9:      layout_rooms, grunt_temple_overflow_open, amcnicky_mini_pool_small,
          uniq_erolcha
D:10:     layout_big_octagon, lemuel_doored_altar, xom_confusion_cloud,
          dpeg_oklobed_lair
D:11:     regret_index_wax_grids, layout_basic, uniq_harold
D:12:     layout_basic, zombieorc2_lemuel, special_room [special_room_orc],
          chequers_serial_rivers_micro_e, uniq_psyche
D:13:     minmay_heptahexagon, layout_stronghold, uniq_rupert
D:14:     argonaut_augean_stables, layout_rooms,
          hangedman_vaults_entry_quadrant_bands, ebering_ghost_reflecting_pool,
          serial_bayou_lagoon_a, kennysheep_generic_room_7
D:15:     gammafunk_depths_entry_grave, layout_irregular_city,
          chequers_serial_rivers_room_a
Lair:1:   layout_chaotic_city, nicolae_quartered_pool_little,
          beast_lair_carwin_10, uniq_grum
Lair:2:   layout_regular_city, minmay_swamp_entry_reptiles,
          gammafunk_ghost_berserking_beasts, nicolae_volcano_entry_lava_flow,
          serial_bayou_shore_b
Lair:3:   layout_hall_layers, st_stairs_3, uniq_sonja
Lair:4:   layout_roguey, nicolae_spider_entry_orb_guardian,
          gauntlet_entry_generic, infiniplex_staircase_pool_2, uniq_nergalle
Lair:5:   layout_long_grid, slime_altar_2, infiniplex_staircase_pool,
          grunt_megastairs_5, lemuel_fruit_fields
Lair:6:   due_jungle_book, layout_regular_city, disabler_island,
          serial_bayou_shore_b, lemuel_fruit_tree, serial_bayou_shore_a
Swamp:1:  layout_basic_swamp, evilmike_swamp_ruin_house_6, hangedman_swamp_lotus
Swamp:2:  layout_falls_marsh, evilmike_swamp_ruin_house_2
Swamp:3:  layout_falls_marsh, nicolae_swamp_big_swirl, uniq_kirke
Swamp:4:  swamp_old_school, layout_basic_swamp, swamp_pool1
Spider:1: layout_spider_delve
Spider:2: layout_spider_delve
Spider:3: nicolae_spider_hilbert_zone_1 [nicolae_spider_hilbert_4_sides_1_open,
          nicolae_spider_hilbert_4_sides_1_open,
          nicolae_spider_hilbert_4_sides_1_open,
          nicolae_spider_hilbert_4_sides_1_open,
          nicolae_spider_hilbert_3_sides_1_open,
          nicolae_spider_hilbert_3_sides_1_open,
          nicolae_spider_hilbert_3_sides_1_open,
          nicolae_spider_hilbert_3_sides_1_open,
          nicolae_spider_hilbert_3_sides_1_open,
          nicolae_spider_hilbert_6_sides_1_open,
          nicolae_spider_hilbert_6_sides_1_open,
          nicolae_spider_hilbert_3_sides_1_open,
          nicolae_spider_hilbert_3_sides_1_open,
          nicolae_spider_hilbert_3_sides_1_open,
          nicolae_spider_hilbert_3_sides_1_open,
          nicolae_spider_hilbert_2_sides_1_open]
Spider:4: floodkiller_spider_rune_tomb, uniq_bai_suzhen, uniq_roxanne
Slime:1:  layout_caves
Slime:2:  cheibrodos_slime_lost_civilization_10, layout_caves
Slime:3:  layout_caves
Slime:4:  layout_caves, cheibrodos_slime_lost_civilization_5
Slime:5
Orc:1:    layout_caves, serial_shops, shop
Orc:2:    st_orc_open, layout_diamond_mine, special_room
Elf:1:    eino_elf_arrival_the_gate, layout_geoelf_octagon, serial_shops,
          shop_statue, infiniplex_enter_wizlab_spiral,
          kennysheep_underground_church, minmay_shop_grove
Elf:2:    nicolae_elf_blades_crystal_corner, layout_geoelf_diagonals,
          serial_shops, nicolae_square_shop, lemuel_flame_loot_1
Elf:3:    grunt_elf_hall_spiral, layout_loops_corners, serial_shops,
          nicolae_shop_temple_entry_statues_fountains
Vaults:1: nicolae_vaults_circle_grid_b, ontoclasm_vaults_tryst,
          hangedman_vaults_locks, ontoclasm_vaults_gallery,
          vaults_room_grunt_arrival_checkpoint, vaults_mumra_chevron_long,
          nicolae_vaults_mini_display_case, nicolae_vaults_little_squares_5,
          layout_vaults_omnicross, serial_shops, nicolae_shop_advertising_works
          [nicolae_subvault_shop_adworks]
Vaults:2: ebering_ghost_xom, nicolae_vaults_little_squares_4,
          minmay_crypt_entry_nasty_monster, v_misc_10, v_misc_15,
          grunt_vaults_hallway_short, vaults_mumra_lcd,
          nicolae_vaults_sealed_display, hangedman_vaults_impose,
          vaults_room_stairs_pillars, vaults_mumra_hexcomb,
          ontoclasm_vaults_chip, hangedman_vaults_slice,
          nicolae_vaults_three_branches, layout_vaults_omnigrid
Vaults:3: gammafunk_ghost_wrathful_warriors, nicolae_vaults_circle_grid_b,
          hangedman_vaults_unwind, v_rooms_3, vaults_room_ringed_pool,
          vaults_standard_mumra_enter_the_diamond, hangedman_vaults_slice,
          nicolae_vaults_inception_scallops, nicolae_vaults_circle_grid_b,
          vaults_room_guarded_vault, v_rooms_6, ontoclasm_vaults_ligature,
          vaults_standard_mumra_x, nicolae_vaults_specimen_jars,
          layout_vaults_omnibox, uniq_asterion
Vaults:4: nicolae_vaults_network_barrier, v_misc_18, ontoclasm_vaults_pinch,
          vaults_room_corners, hangedman_vaults_stretched_pinwheel, v_rooms_4,
          ontoclasm_vaults_ring_square, v_misc_24, v_rooms_4,
          ontoclasm_vaults_idyll, layout_vaults_maze_snakey, serial_shops,
          nicolae_shop_crystal
Vaults:5: serial_shops
Crypt:1:  layout_gridlike, nicolae_crypt_cryptocurrency,
          grunt_crypt_arrival_webbed
Crypt:2:  minmay_shadows, layout_rooms, serial_sigils_hangedman_shear,
          weyrava_ghost_lake, lemuel_elevator, uniq_boris
Crypt:3:  church_of_pain_bobbens, layout_chaotic_city,
          nicolae_tomb_entry_rubble_hallway
Depths:1: layout_cave_pools, pf_dread_powers_of_hell,
          hangedman_abyss_or_decor_jellyfish_corner, serial_bayou_crossing
Depths:2: evilmike_makhleb_hellhole, layout_cave_pools, enter_ziggurat_a,
          grunt_pan_entry_spiral, minmay_misc_feat_roman, hell_entry,
          nicolae_water_bricks, minmay_misc_feat_columns
Depths:3: minmay_the_grid_four_pointed_star
          [minmay_the_grid_triangle_9x9_zippers_horizontal,
          minmay_the_grid_triangle_9x9_semitri,
          minmay_the_grid_triangle_9x9_tough_junction,
          minmay_the_grid_triangle_9x9_steps,
          minmay_the_grid_prize_four_corners], layout_cave_shapes,
          okawaru_ov_weapons_minmay, hangedman_abyss_entry_splay, hell_entry,
          infiniplex_staircase_split_hallway
Depths:4: grunt_x_marks_the_spot, layout_cave_pools, chequers_decorated_corner,
          hell_entry, nicolae_wooded_promenade, lightli_giant_bouncers
Hell
Dis:1:    layout_subdivisions
Dis:2:    layout_gridville
Dis:3:    layout_subdivisions
Dis:4:    layout_subdivisions
Dis:5:    layout_gridville, nrook_loot_triangle
Dis:6:    layout_gridville
Geh:1:    layout_gehenna_lava_caves
Geh:2:    layout_gehenna_lava_caves, nicolae_hells_fiendish_ambush
Geh:3:    layout_gehenna_pools_basic, hangedman_hellfire_club
Geh:4:    layout_gehenna_lava_caves
Geh:5:    layout_gehenna_pools_triple
Geh:6:    layout_gehenna_lava_caves
Geh:7:    geh_old
Coc:1:    layout_cocytus_delve, special_room [special_room_morgue]
Coc:2:    layout_cocytus_delve, serial_ice, serial_ice_o
Coc:3:    layout_cocytus_water_paths
Tar:1:    layout_grid_maze
Tar:2:    nicolae_tar_fifth_circle, layout_cathedral_of_symmetry
Tar:3:    layout_catacombs
Tar:4:    layout_grid_maze
Tar:5:    layout_honeycomb, nicolae_hells_hurtin_island
Tar:6:    layout_honeycomb
Tar:7:    tar_old
Zot:1:    layout_basic
Zot:2:    layout_gridlike, hangedman_zot_wheel_spokes
Zot:3:    layout_misc_corridors, grunt_megastairs_2
Zot:4:    layout_basic, uniq_tiamat
Zot:5:    layout_onion, grunt_ministairs_13, grunt_megastairs_4

Skill      XL: |  1  2  3  4  5  6  7  8  9 10 11 12 13 14 15 16 17 18 19 20 21 22 23 24 25 26 27 |
---------------+----------------------------------------------------------------------------------+-----
Dodging        | 2 3 4 5 10 | 10.0
Short Blades   | 1 2 3 4 |  4.2
Stealth        | 1 2 |  2.0
Fighting       | 2 4 5 9 13 16 19 21 23 25 26 27 | 27.0
Maces & Flails | 3 7 10 12 13 14 15 19 | 19.9
Shields        | 3 5 8 10 13 15 20 | 20.0
Invocations    | 1 2 4 7 10 12 14 15 16 17 19 20 22 24 25 27 | 27.0
Throwing       | 1 |  1.1
Fire Magic     | 5 8 12 13 14 16 17 19 20 23 | 23.6
Spellcasting   | 4 7 9 10 11 12 13 15 16 20 23 | 23.4
Crossbows      | 1 |  1.2
Necromancy     | 1 |  1.6
Hexes          | 1 |  1.1
Summonings     | 1 |  1.1
Translocations | 1 5 |  5.0
Air Magic      | 1 |  1.0
Poison Magic   | 1 |  1.1
Bows           | 1 |  1.0
Earth Magic    | 7 11 13 20 | 20.0
Conjurations   | 3 15 | 15.0
Axes           | |  0.3
Unarmed Combat | |  3.2
Transmutations | |  2.9
Ice Magic      | |  0.1
Evocations     | |  0.7

Action                   |  1- 3 |  4- 6 |  7- 9 | 10-12 | 13-15 | 16-18 | 19-21 | 22-24 | 25-27 || total
-------------------------+-------+-------+-------+-------+-------+-------+-------+-------+-------++-------
Melee: Short sword       |    68 |   259 |       |       |       |       |       |       |       ||   327
       Tailslap          |     3 |    27 |    34 |    86 |   341 |   201 |   279 |   288 |   681 ||  1940
       Kick              |     1 |       |       |       |       |       |       |       |       ||     1
       Punch             |       |     1 |       |       |       |       |       |       |       ||     1
       Rapier            |       |    40 |     1 |       |       |       |       |       |       ||    41
       Mace              |       |       |   284 |   828 |  1828 |       |       |       |       ||  2940
       War axe           |       |       |       |    14 |       |       |       |       |       ||    14
       Eveningstar       |       |       |       |       |    81 |  1253 |  1413 |  1601 |  4010 ||  8358
       Peck              |       |       |       |       |       |       |       |    71 |   542 ||   613
       Staff             |       |       |       |       |       |       |       |       |     6 ||     6
Throw: Dart              |       |       |     9 |    28 |     3 |     8 |       |       |       ||    48
       Throwing net      |       |       |       |     2 |       |       |       |       |       ||     2
 Cast: Beastly Appendage |     3 |       |       |       |       |       |       |       |       ||     3
       Ignition          |       |       |       |       |       |       |       |     5 |    68 ||    73
       Lee's Rapid Decon |       |       |       |       |       |       |       |     8 |     5 ||    13
       Fireball          |       |       |       |       |       |       |       |       |    10 ||    10
       Iron Shot         |       |       |       |       |       |       |       |       |    14 ||    14
       Lehudib's Crystal |       |       |       |       |       |       |       |       |     4 ||     4
       Blink             |       |       |       |       |       |       |       |       |     3 ||     3
Invok: Divine Shield     |       |       |     1 |    11 |    18 |    13 |    14 |    11 |    44 ||   112
       Summon Divine War |       |       |       |       |     3 |    10 |     6 |    13 |    56 ||    88
       Cleansing Flame   |       |       |       |       |     3 |    22 |     7 |    46 |   207 ||   285
       Brand Weapon With |       |       |       |       |       |       |       |     1 |       ||     1
 Abil: Breathe Fire      |       |       |       |     5 |     4 |     2 |       |       |       ||    11
Evoke: Wand              |       |       |     2 |     9 |     1 |     8 |     3 |     9 |    36 ||    68
  Use: Scroll            |       |     4 |     6 |    10 |     9 |    16 |       |    21 |    22 ||    88
       Potion            |       |       |     1 |     5 |     1 |     7 |       |    15 |    33 ||    62
 Stab: Sleeping          |       |     4 |       |       |       |       |       |       |       ||     4
Armor: Skin              |    24 |    90 |    89 |   193 |   450 |   384 |   335 |   563 |  1511 ||  3639
Dodge: Dodged            |    45 |   202 |   139 |   312 |   602 |   451 |   467 |   540 |  1287 ||  4045
Block: Kite shield       |       |       |   114 |   593 |  1373 |   930 |   916 |   928 |  2657 ||  7511

Table legend: (Time is in decaauts)
 A = Elapsed time spent in this place.
 B = Non-inter-level travel time spent in this place.
 C = Inter-level travel time spent in this place.
 D = Time resting spent in this place.
 E = Time spent auto-exploring this place.
 F = Levels seen in this place.
 G = Mean time per level.
                   A        B        C        D        E       F      G
               +--------+--------+--------+--------+--------+-----+--------+
         Total | 135555 | 123156 |  12399 |  49815 |  38587 | 102 | 1329.0 |
       Dungeon |  27044 |  24101 |   2943 |   8579 |  10052 |  15 | 1802.9 |
          Lair |  11905 |  10832 |   1073 |   2859 |   5204 |   6 | 1984.2 |
         Swamp |   7599 |   7368 |    231 |   3784 |   2360 |   4 | 1899.8 |
   Spider Nest |   8488 |   7985 |    503 |   3502 |   2717 |   4 | 2122.0 |
    Slime Pits |   2643 |   2439 |    204 |   1521 |    157 |   5 |  528.6 |
  Orcish Mines |   4725 |   4175 |    550 |   2061 |   1133 |   2 | 2362.5 |
   Elven Halls |   5589 |   5178 |    411 |   1285 |   1907 |   3 | 1863.0 |
        Vaults |  11223 |   9498 |   1725 |   3287 |   3434 |   5 | 2244.6 |
         Crypt |   4771 |   3823 |    948 |    311 |   2041 |   3 | 1590.3 |
        Depths |   9745 |   7687 |   2058 |   3003 |   2650 |   4 | 2436.2 |
          Hell |   4876 |   4496 |    380 |   3479 |    654 |   1 | 4876.0 |
           Dis |    827 |    768 |     59 |    298 |    117 |   6 |  137.8 |
       Gehenna |   3821 |   3729 |     92 |   1977 |     84 |   7 |  545.9 |
       Cocytus |    828 |    609 |    219 |      6 |    209 |   3 |  276.0 |
      Tartarus |   3108 |   2863 |    245 |   1146 |    253 |   7 |  444.0 |
           Zot |  16082 |  15331 |    751 |   8102 |   4118 |   5 | 3216.4 |
         Abyss |   2493 |   2493 |      0 |   1068 |    233 |   5 |  498.6 |
   Pandemonium |   6998 |   6998 |      0 |   2587 |    760 |  13 |  538.3 |
         Sewer |    931 |    931 |      0 |    460 |      9 |   1 |  931.0 |
       Volcano |    409 |    409 |      0 |     71 |    213 |   1 |  409.0 |
        Wizlab |   1024 |   1024 |      0 |    425 |     83 |   1 | 1024.0 |
      Gauntlet |    417 |    417 |      0 |      0 |    197 |   1 |  417.0 |
               +--------+--------+--------+--------+--------+-----+--------+

Top non-repeatable levels by time:
   Zot:4: 6262 daAuts
    Hell: 4876 daAuts
    D:11: 3670 daAuts
Vaults:2: 3501 daAuts
Depths:3: 3368 daAuts
   Zot:5: 3259 daAuts
    D:12: 3159 daAuts
Spider:3: 2889 daAuts
 Swamp:4: 2733 daAuts
  Lair:4: 2706 daAuts
   Orc:1: 2674 daAuts
Depths:4: 2656 daAuts
Vaults:3: 2630 daAuts
     D:8: 2613 daAuts
   Zot:1: 2608 daAuts
